Map: Ruins of Seras

Players

Guimo

  • Race: Terran Terran
  • League: Platinum

Hindulaatti

  • Race: Terran Terran
  • League: Diamond

Tabarnak

  • Race: Protoss Protoss

JohnMcClane

  • Race: Protoss Protoss
  • League: Gold

VOD

Have the link to the VOD?

Description

Time

  • Played on: Feb. 11, 2016, 8:33 a.m.
  • Length: 9:53
Show
View Real Time Build Order
Export as new Build Order

Guimo Terran 

Build Orders: Reaper Expand 

Get SALT Encoding   

  12  0:01  SCV  
  13  0:13  SCV  
  14  0:20  Supply Depot  
  14  0:25  SCV  
  15  0:42  SCV, Barracks  
  16  0:46  Refinery  
  16  0:54  SCV  
  17  1:06  SCV  
  18  1:18  SCV  
  19  1:29  Reaper  
  19  1:30  Orbital Command  
  20  1:49  Command Center  
  20  1:59  Supply Depot  
  20  2:00  SCV  
  21  2:04  Marine  
  22  2:15  SCV  
  23  2:27  Refinery, SCV  
  23  2:29  Factory  
  24  2:31  Marine  
  25  2:39  SCV  
  26  2:51  Marine, SCV  
  27  2:54  Supply Depot  
  27  3:03  Orbital Command, SCV  
  27  3:09  Marine  
  28  3:13  Hellion  
  28  3:17  Starport  
  30  3:20  SCV  
  31  3:31  SCV  
  32  3:37  Factory Tech Lab  
  32  3:38  SCV  
  32  3:39  Barracks Tech Lab  
  33  3:43  SCV  
  34  3:49  Bunker  
  34  3:50  SCV  
  34  3:55  SCV  
  36  3:56  Medivac  
  36  3:57  Siege Tank  
  36  4:02  Marine, SCV  
  43  4:21  SCV  
  43  4:22  SCV  
  43  4:23  Marine  
  46  4:33  SCV  
  45  4:45  SCV  
  45  4:46  SCV  
  46  4:53  Medivac, Siege Tank  
  46  4:55  Stimpack, Marine  
  46  4:57  SCV  
  46  4:58  SCV  
  46  4:59  Barracks  
  54  5:01  Barracks  
  54  5:15  Supply Depot x2, Marine  
  54  5:16  SCV x2  
  54  5:28  SCV x2  
  53  5:40  Refinery, SCV x2  
  53  5:42  Refinery  
  55  5:47  Marine  
  56  5:52  SCV x2  
  56  5:55  Liberator  
  58  5:58  Widow Mine  
  58  6:00  Marine x2  
  60  6:04  SCV x2  
  60  6:08  Engineering Bay  
  61  6:11  Marine  
  61  6:16  SCV x2  
  61  6:18  Marine  
  64  6:28  SCV x2  
  64  6:29  Marine  
  64  6:30  Marine, Siege Tank  
  71  6:35  Terran Infantry Weapons Level 1  
  71  6:37  Armory  
  71  6:39  Barracks Reactor  
  71  6:40  SCV x2  
  71  6:45  Liberator  
  63  6:55  SCV x2  
  63  6:56  Marine  
  63  7:07  SCV  
  67  7:09  SCV  
  67  7:10  Marine  
  67  7:14  Marine  
  69  7:18  Missile Turret  
  69  7:19  SCV  
  66  7:25  SCV  
  66  7:26  Marine x2  
  66  7:27  Marine  
  66  7:28  Liberator  
  69  7:31  SCV  
  70  7:37  SCV  
  70  7:43  Marine, SCV  
  70  7:44  Marine x2  
  77  7:52  SCV  
  77  7:57  Supply Depot  
  77  7:58  Supply Depot  
  78  8:00  Missile Turret  
  78  8:02  SCV  
  76  8:14  SCV x2  
  76  8:18  Marine x2  
  77  8:26  SCV  
  78  8:29  Marine x2  
  78  8:38  SCV  
  79  8:43  Marine x2  
  79  8:44  Siege Tank  
  79  8:45  Supply Depot  
  79  8:47  Marine  
  79  8:48  Medivac  
  87  9:00  Marine  
  87  9:01  Marine x2  
  90  9:05  Marine  
  91  9:15  Barracks  
  91  9:18  Marine  
  91  9:19  Marauder, Marine  
  90  9:24  Marine  
  90  9:25  Command Center  
  94  9:32  Missile Turret  
  81  9:40  Supply Depot  
Show
View Real Time Build Order
Export as new Build Order

Hindulaatti Terran 

Build Orders:  

Get SALT Encoding   

  12  0:01  Probe (Chrono Boost)  
  13  0:12  Probe (Chrono Boost)  
  14  0:20  Pylon  
  14  0:23  Probe (Chrono Boost)  
  15  0:38  Probe (Chrono Boost)  
  16  0:43  Gateway  
  16  0:49  Probe (Chrono Boost)  
  17  0:55  Assimilator  
  17  0:59  Probe (Chrono Boost)  
  18  1:06  Pylon  
  18  1:10  Probe (Chrono Boost)  
  19  1:30  Cybernetics Core  
  19  1:31  Probe (Chrono Boost)  
  20  1:41  Probe (Chrono Boost)  
  20  1:45  Assimilator  
  21  1:53  Nexus  
  21  1:57  Probe (Chrono Boost)  
  21  2:01  Warp Gate  
  22  2:07  Adept  
  24  2:17  Gateway  
  25  2:25  Mothership Core (Chrono Boost)  
  26  2:37  Adept  
  26  2:41  Pylon  
  28  3:03  Probe (Chrono Boost)  
  28  3:05  Adept x2  
  33  3:09  Pylon  
  33  3:10  Probe (Chrono Boost)  
  34  3:15  Probe (Chrono Boost)  
  35  3:21  Probe (Chrono Boost)  
  35  3:22  Pylon  
  36  3:27  Pylon  
  36  3:29  Probe (Chrono Boost)  
  37  3:37  Probe (Chrono Boost)  
  41  3:41  Probe (Chrono Boost)  
  39  3:55  Forge, Stargate  
  40  4:03  Probe (Chrono Boost)  
  40  4:04  Assimilator  
  40  4:05  Assimilator  
  40  4:10  Sentry  
  40  4:15  Probe x2 (Chrono Boost)  
  45  4:32  Probe (Chrono Boost)  
  45  4:38  Stargate, Protoss Ground Weapons Level 1  
  45  4:42  Oracle  
  45  4:51  Probe (Chrono Boost)  
  45  4:52  Probe (Chrono Boost)  
  50  5:05  Probe (Chrono Boost)  
  50  5:06  Probe (Chrono Boost)  
  52  5:07  Gateway  
  52  5:08  Gateway  
  52  5:12  Pylon  
  52  5:15  Probe (Chrono Boost)  
  52  5:17  Pylon  
  52  5:18  Probe (Chrono Boost)  
  54  5:22  Phoenix  
  52  5:40  Probe (Chrono Boost)  
  52  5:41  Probe (Chrono Boost)  
  54  5:45  Phoenix  
  54  5:46  Gateway  
  54  5:47  Phoenix  
  54  5:48  Twilight Council  
  58  5:53  Probe (Chrono Boost)  
  59  5:58  Probe (Chrono Boost)  
  59  5:59  Gateway  
  61  6:05  Probe (Chrono Boost)  
  61  6:15  Phoenix x2  
  61  6:17  Charge  
  61  6:19  Pylon  
  61  6:25  Protoss Ground Armor Level 1  
  61  6:34  Nexus  
  58  7:06  Zealot x2  
  63  7:17  Probe (Chrono Boost)  
  63  7:18  Probe (Chrono Boost)  
  63  7:20  Pylon  
  63  7:22  Templar Archives  
  64  7:24  Assimilator  
  64  7:27  Assimilator  
  64  7:29  Probe (Chrono Boost)  
  66  7:30  Probe (Chrono Boost)  
  66  7:31  Zealot x3  
  66  7:32  Zealot  
  74  7:38  Forge  
  74  7:39  Gateway  
  74  7:43  Gateway, Photon Cannon  
  74  7:56  Psionic Storm  
  74  8:04  High Templar x5  
  84  8:10  Stalker  
  84  8:15  Archon  
  84  8:16  Archon  
  84  8:34  Zealot  
  86  8:44  Zealot x4  
  94  8:50  Zealot x2  
  94  9:16  Stalker x6  
  106  9:27  Zealot  
  106  9:42  High Templar x3  
  106  9:43  High Templar  
  114  9:46  Pylon  
  114  9:47  Pylon  
Show
View Real Time Build Order
Export as new Build Order

Tabarnak Protoss 

Build Orders:  

Get SALT Encoding   

Show
View Real Time Build Order
Export as new Build Order

JohnMcClane Protoss 

Build Orders:  

Get SALT Encoding   

Tags
 
Add a new tag
Caveats
  • Supply blocks, unpowered buildings, or Contaminate may cause inaccurate times.
  • Supply counts are checked every 10 seconds.